Map: Храм во льдах

Players

MadRaccoon

  • Race: Zerg Zerg

ИИ 1 (эксперт) - Winner!

  • Race: Zerg Zerg

VOD

Have the link to the VOD?

Description

Time

  • Played on: Aug. 18, 2016, 1:47 p.m.
  • Length: 5:10
Show
View Real Time Build Order
Export as new Build Order

MadRaccoon Zerg 

Build Orders: Hatch First 

Get SALT Encoding   

  12  0:01  Drone  
  13  0:12  Overlord  
  13  0:18  Drone  
  14  0:31  Drone x2  
  14  0:35  Drone  
  17  0:56  Hatchery  
  16  0:59  Drone  
  17  1:09  Extractor  
  16  1:14  Spawning Pool  
  16  1:17  Drone  
  16  1:21  Drone  
  16  1:24  Drone  
  18  1:30  Drone  
  19  1:39  Overlord  
  19  2:02  Zergling x4  
  19  2:03  Queen  
  23  2:10  Zergling x2  
  23  2:11  Queen  
  27  2:15  Drone  
  27  2:25  Drone  
  27  2:27  Drone  
  29  2:34  Drone  
  29  2:36  Drone  
  31  2:44  Overlord  
  31  2:46  Queen  
  32  3:02  Drone  
  32  3:03  Drone x2  
  34  3:07  Pneumatized Carapace  
  34  3:12  Drone x2  
  36  3:22  Drone x5  
  36  3:23  Drone x2  
  36  3:24  Drone  
  43  3:39  Overlord x2  
  43  3:49  Extractor  
  43  3:54  Drone  
  43  3:57  Drone  
  43  4:01  Drone  
  45  4:03  Baneling Nest  
  44  4:10  Zergling x2  
  44  4:11  Zergling x12  
  44  4:12  Zergling x2  
Show
View Real Time Build Order
Export as new Build Order

ИИ 1 (эксперт) Zerg - Winner!

Build Orders: Pool First, Zergling Baneling 

Get SALT Encoding   

  12  0:00  Drone  
  13  0:12  Overlord  
  13  0:17  Drone  
  14  0:30  Drone  
  15  0:39  Spawning Pool  
  15  0:41  Drone  
  15  0:46  Drone  
  16  0:50  Drone  
  16  0:53  Extractor  
  16  0:55  Drone  
  17  1:06  Drone  
  18  1:17  Drone  
  19  1:28  Roach Warren, Queen  
  19  1:29  Drone  
  21  1:38  Zergling x2  
  22  1:49  Overlord  
  22  1:59  Overlord  
  22  2:10  Roach  
  24  2:21  Roach  
  26  2:28  Hatchery  
  25  2:32  Drone  
  25  2:35  Roach x2  
  30  2:41  Roach  
  32  2:46  Roach  
  34  2:54  Overlord  
  34  3:00  Metabolic Boost  
  34  3:05  Zergling x2  
  35  3:07  Zergling x2  
  35  3:11  Zergling x2  
  37  3:14  Zergling x2  
  37  3:18  Zergling x2  
  39  3:27  Zergling x2  
  39  3:38  Baneling Nest  
  39  3:39  Zergling x6  
  41  4:01  Extractor  
  40  4:03  Drone  
  40  4:06  Drone  
  42  4:10  Drone  
  42  4:14  Drone, Zergling x2  
  44  4:21  Drone, Baneling  
  45  4:25  Zergling x2  
  45  4:29  Zergling x2  
  47  4:32  Baneling x2  
  47  4:33  Zergling x2  
  47  4:36  Zergling x2  
  49  4:43  Baneling x2, Overlord  
  49  4:48  Baneling  
  49  4:53  Baneling  
  49  4:54  Baneling  
Tags
 
Add a new tag
Caveats
  • Supply blocks, unpowered buildings, or Contaminate may cause inaccurate times.
  • Supply counts are checked every 10 seconds.